Sharks vs Red Wings
Created - October 30, 2018 at 19:10
Goals
|
| Sharks |
0 |
1 |
1 |
2 |
| Red Wings |
2 |
4 |
1 |
7 |
|
Shots
|
| Sharks |
2 |
8 |
12 |
22 |
| Red Wings |
18 |
14 |
4 |
36 |
|
1st period
1. Red Wings , Mike Richards 3 (Sean Bergenheim 6) at 3:55
2. Red Wings , Adam Henrique 5 (Tyler Johnson 6, Phil Kessel 6) at 10:25
Penalties :
Maxim Afinogenov (SJS) for Holding (Minor) at 4:16, Oskar Osala (SJS) for Interference (Minor) at 8:21, Frans Nielsen (SJS) for Goalie Interference (Minor) at 10:32, Bobby Butler (SJS) for Roughing (Minor) at 19:17
2nd period
3. Red Wings , Brent Seabrook 3 (Nate Thompson 1, Carson Mcmillan 1) at 1:55
4. Sharks , Ted Purcell 4 (Kevin Shattenkirk 9, Frans Nielsen 6) at 2:03
5. Red Wings , Tyler Johnson 3 (Phil Kessel 7) at 11:10
6. Red Wings , Adam Henrique 6 (Tyler Johnson 7, Philip Samuelsson 2) at 16:27
7. Red Wings , Mike Richards 4 (Sean Bergenheim 7, Brent Seabrook 4) at 17:22
Penalties :
Adam Larsson (SJS) for Interference (Minor) at 4:45
3rd period
8. Red Wings , Ole-Kristian Tollefsen 1 (Mike Richards 9, Philip Samuelsson 3) at 1:28
9. Sharks , T.J. Hensick 3 (Oskar Osala 6, Nick Palmieri 1) at 17:30
Penalties :
Brent Seabrook (Det) for Diving (Minor) at 9:18, Nick Palmieri (SJS) for Slashing (Minor) at 12:28, Nick Palmieri (SJS) for Slashing (Minor) at 18:21
Goalie Stats
Brent Krahn (SJS), 29 saves from 36 shots - (0.806), L, 0-1-0, 60:00 minutes
John Gibson (Det), 20 saves from 22 shots - (0.909), W, 2-0-0, 60:00 minutes
Players Stats for Sharks
Player Name G A P +/- PIM S H SB GA TA FO MP PP MP PK MP
------------------------------------------------------------------------------------
Adam Larsson 0 0 0 -1 2 1 1 0 0 0 0/0 10:20 0:00 0:00
Andrej Sekera 0 0 0 -3 0 1 1 2 0 1 0/0 20:56 0:38 5:38
Bobby Butler 0 0 0 -1 2 0 1 1 0 0 0/0 11:38 0:00 1:19
Damien Brunner 0 0 0 -1 0 0 1 0 0 1 0/0 10:42 0:00 0:00
Frans Nielsen 0 1 1 0 2 2 1 1 0 0 10/24 21:43 1:09 6:53
Justin Faulk 0 0 0 0 0 0 0 0 0 0 0/0 1:53 0:00 0:00
Kevin Shattenkirk 0 1 1 -1 0 1 0 1 0 3 0/0 28:47 1:21 7:54
Luke Adam 0 0 0 -1 0 0 0 0 0 0 0/1 5:08 0:00 0:00
Mark Giordano 0 0 0 -1 0 0 0 0 0 0 0/0 10:17 0:00 0:00
Mark Stuart 0 0 0 -1 0 0 1 3 1 0 0/0 26:54 1:21 7:54
Martin Erat 0 0 0 -1 0 0 0 0 0 0 0/0 5:08 0:00 0:00
Maxim Afinogenov 0 0 0 -1 2 1 1 1 0 0 2/3 19:01 1:09 4:16
Maxim Kondratiev 0 0 0 -3 0 1 2 4 0 1 0/0 20:56 0:38 5:38
Nick Palmieri 0 1 1 -3 4 1 1 0 0 0 1/1 19:47 0:50 3:30
Oskar Osala 0 1 1 -3 2 3 0 0 0 0 0/2 16:11 0:50 0:03
Rob Schremp 0 0 0 -1 0 3 0 0 0 1 3/4 13:24 0:00 3:04
T.J. Hensick 1 0 1 -2 0 2 1 0 0 0 7/13 16:00 0:50 0:00
Ted Purcell 1 0 1 -1 0 6 4 1 0 0 5/16 27:36 1:09 7:59
Players Stats for Red Wings
Player Name G A P +/- PIM S H SB GA TA FO MP PP MP PK MP
------------------------------------------------------------------------------------
Adam Henrique 2 0 2 3 0 5 1 0 0 0 2/4 21:43 7:39 0:00
Ales Hemsky 0 0 0 0 0 0 0 0 0 0 0/0 9:30 0:00 0:00
Alex Picard 0 0 0 0 0 1 2 0 0 0 0/0 9:30 0:00 0:00
Brent Seabrook 1 1 2 2 2 4 3 3 1 0 0/0 25:17 8:39 0:00
Carson Mcmillan 0 1 1 1 0 1 0 1 0 0 0/1 7:05 0:00 0:56
Chris Kelly 0 0 0 0 0 0 0 0 1 0 0/2 9:30 0:00 0:00
Jiri Fischer 0 0 0 0 0 0 1 2 0 1 0/0 17:11 0:00 0:46
Lubomir Visnovsky 0 0 0 1 0 1 0 1 0 0 0/0 13:49 0:00 1:13
Mike Richards 2 1 3 1 0 8 1 0 0 0 15/22 20:03 5:53 0:00
Nate Thompson 0 1 1 1 0 0 2 1 0 0 1/2 6:09 0:00 0:00
Oleg Saprykin 0 0 0 1 0 0 0 0 0 0 1/3 7:48 0:00 1:03
Ole-Kristian Tollefsen 1 0 1 2 0 1 1 3 2 0 0/0 21:29 4:53 0:46
Phil Kessel 0 2 2 3 0 2 0 0 0 0 0/1 21:43 7:39 0:00
Philip Samuelsson 0 2 2 4 0 2 1 1 0 0 0/0 24:51 8:39 1:13
Ryan Whitney 0 0 0 1 0 0 1 0 0 0 0/0 17:58 4:53 0:00
Sean Bergenheim 0 2 2 1 0 8 0 0 0 0 1/2 21:42 5:53 1:03
Tyler Johnson 1 2 3 3 0 3 2 1 3 0 16/27 22:39 7:39 0:56
Tyler Toffoli 0 0 0 1 0 0 1 0 0 0 0/0 20:03 5:53 0:00
3 Stars
1 - Tyler Johnson (Det)
2 - Adam Henrique (Det)
3 - Mike Richards (Det)
Power Play
Sharks - 0 on 1 Attempt(s) - 0.00%
Red Wings - 0 on 7 Attempt(s) - 0.00%
Penalty Kill
Sharks - 7 on 7 Attempt(s) - 100.00%
- Score 0 goal in Penalty Kill
Red Wings - 1 on 1 Attempt(s) - 100.00%
- Score 0 goal in Penalty Kill
Team Stat
Sharks - Hits : 15 - Faceoff Wins : 28 - Blocked Shots : 14 - Penalty Minutes : 14
Red Wings - Hits : 16 - Faceoff Wins : 36 - Blocked Shots : 13 - Penalty Minutes : 2
Official
Referees : Unknown
Linesman : Unknown
Game Notes
17:30 of 3rd period - Sharks goal is going for a video replay. After video review, Goal.
Finance
Level 1 -- Attendance: 5716 (95.27%) -- Ticket Income $497,292
Level 2 -- Attendance: 4420 (88.40%) -- Ticket Income $247,520
Level 3 -- Attendance: 2000 (100.00%) -- Ticket Income $76,000
Level 4 -- Attendance: 3105 (77.63%) -- Ticket Income $86,940
Luxury Box -- Attendance: 919 (91.90%) -- Ticket Income $151,635
Game was played at the Joe Louis Arena.
Total Attendance: 16160 (89.78%)
Total Ticket Income: $1,059,387
Other Income: $158,908
Total Income: $1,218,295
Sharks
5 vs 5 Forward
Center Left Wing Right Wing Time % Phy DF OF
1 Frans Nielsen Ted Purcell Maxim Afinogenov 40 1 1 3
2 T.J. Hensick Oskar Osala Nick Palmieri 30 1 1 3
3 Rob Schremp Bobby Butler Damien Brunner 20 1 2 2
4 Luke Adam Ted Purcell Martin Erat 10 1 2 2
5 vs 5 Defense
Defense Defense Time % Phy DF OF
1 Kevin Shattenkirk Mark Stuart 40 1 1 3
2 Andrej Sekera Maxim Kondratiev 30 1 2 2
3 Mark Giordano Adam Larsson 20 1 3 1
4 Justin Faulk Kevin Shattenkirk 10 1 2 2
PowerPlay Forward
Center Left Wing Right Wing Time % Phy DF OF
1 Frans Nielsen Ted Purcell Maxim Afinogenov 60 1 1 3
2 T.J. Hensick Oskar Osala Nick Palmieri 40 1 1 3
PowerPlay Defense
Defense Defense Time % Phy DF OF
1 Kevin Shattenkirk Mark Stuart 60 1 1 3
2 Andrej Sekera Maxim Kondratiev 40 1 1 3
Penalty Kill 4 Players Forward
Center Wing Time % Phy DF OF
1 Ted Purcell Frans Nielsen 60 1 4 0
2 Maxim Afinogenov Nick Palmieri 40 1 4 0
Penalty Kill 4 Players Defense
Defense Defense Time % Phy DF OF
1 Kevin Shattenkirk Mark Stuart 60 1 4 0
2 Andrej Sekera Maxim Kondratiev 40 1 4 0
Penalty Kill - 3 Players Forward
Forward Time % Phy DF OF
1 Ted Purcell 60 1 4 0
2 Frans Nielsen 40 1 4 0
Penalty Kill - 3 Players Defense
Defense Defense Time % Phy DF OF
1 Kevin Shattenkirk Mark Stuart 60 1 4 0
2 Andrej Sekera Maxim Kondratiev 40 1 4 0
4 vs 4 Forward
Center Wing Time % Phy DF OF
1 Ted Purcell Frans Nielsen 60 1 2 2
2 Maxim Afinogenov Nick Palmieri 40 1 2 2
4 vs 4 Defense
Defense Defense Time % Phy DF OF
1 Kevin Shattenkirk Mark Stuart 60 1 2 2
2 Andrej Sekera Maxim Kondratiev 40 1 2 2
Last Minutes Offensive
Center Left Wing Right Wing Defense Defense
Frans Nielsen Ted Purcell Maxim Afinogenov Kevin Shattenkirk Mark Stuart
Last Minutes Defensive
Center Left Wing Right Wing Defense Defense
Frans Nielsen Ted Purcell Maxim Afinogenov Kevin Shattenkirk Mark Stuart
Goaltenders
Starting : Brent Krahn
Backup : Tyler Weiman
Extra Forwards
Normal : Damien Brunner, Bobby Butler, Rob Schremp - PP : Damien Brunner, Bobby Butler - PK : Rob Schremp
Extra Defensemen
Normal : Mark Giordano, Adam Larsson, Justin Faulk - PP : Mark Giordano - PK : Adam Larsson, Justin Faulk
Penalty Shots
Ted Purcell, Frans Nielsen, Maxim Afinogenov, Nick Palmieri, T.J. Hensick
Scratches
Brendon Nash (Healthy)
Red Wings
5 vs 5 Forward
Center Left Wing Right Wing Time % Phy DF OF
1 Tyler Johnson Adam Henrique Phil Kessel 36 0 2 3
2 Mike Richards Sean Bergenheim Tyler Toffoli 36 0 2 3
3 Chris Kelly Alex Picard Ales Hemsky 20 0 3 2
4 Nate Thompson Oleg Saprykin Carson Mcmillan 8 1 2 2
5 vs 5 Defense
Defense Defense Time % Phy DF OF
1 Brent Seabrook Jiri Fischer 35 0 3 2
2 Ole-Kristian Tollefsen Philip Samuelsson 35 0 3 2
3 Lubomir Visnovsky Ryan Whitney 20 0 3 2
4 Lubomir Visnovsky Ryan Whitney 10 0 3 2
PowerPlay Forward
Center Left Wing Right Wing Time % Phy DF OF
1 Tyler Johnson Adam Henrique Phil Kessel 60 0 1 4
2 Mike Richards Sean Bergenheim Tyler Toffoli 40 0 1 4
PowerPlay Defense
Defense Defense Time % Phy DF OF
1 Philip Samuelsson Brent Seabrook 60 0 2 3
2 Ole-Kristian Tollefsen Ryan Whitney 40 0 2 3
Penalty Kill 4 Players Forward
Center Wing Time % Phy DF OF
1 Oleg Saprykin Sean Bergenheim 50 1 2 2
2 Tyler Johnson Carson Mcmillan 50 1 2 2
Penalty Kill 4 Players Defense
Defense Defense Time % Phy DF OF
1 Lubomir Visnovsky Philip Samuelsson 50 1 2 2
2 Jiri Fischer Ole-Kristian Tollefsen 50 1 2 2
Penalty Kill - 3 Players Forward
Forward Time % Phy DF OF
1 Oleg Saprykin 60 1 2 2
2 Carson Mcmillan 40 1 2 2
Penalty Kill - 3 Players Defense
Defense Defense Time % Phy DF OF
1 Lubomir Visnovsky Philip Samuelsson 50 1 2 2
2 Jiri Fischer Ole-Kristian Tollefsen 50 1 2 2
4 vs 4 Forward
Center Wing Time % Phy DF OF
1 Mike Richards Adam Henrique 60 1 2 2
2 Tyler Johnson Phil Kessel 40 1 2 2
4 vs 4 Defense
Defense Defense Time % Phy DF OF
1 Brent Seabrook Jiri Fischer 60 1 2 2
2 Ole-Kristian Tollefsen Philip Samuelsson 40 1 2 2
Last Minutes Offensive
Center Left Wing Right Wing Defense Defense
Tyler Johnson Adam Henrique Phil Kessel Brent Seabrook Ole-Kristian Tollefsen
Last Minutes Defensive
Center Left Wing Right Wing Defense Defense
Tyler Johnson Oleg Saprykin Carson Mcmillan Jiri Fischer Lubomir Visnovsky
Goaltenders
Starting : John Gibson
Backup : James Reimer
Extra Forwards
Normal : Adam Henrique, Sean Bergenheim, Chris Kelly - PP : Chris Kelly, Ales Hemsky - PK : Chris Kelly
Extra Defensemen
Normal : Brent Seabrook, Philip Samuelsson, Lubomir Visnovsky - PP : Jiri Fischer - PK : Brent Seabrook, Ole-Kristian Tollefsen
Penalty Shots
Phil Kessel, Mike Richards, Carson Mcmillan, Alex Picard, Sean Bergenheim
Scratches
Brendan Bell (Healthy), Michael Haley (Healthy)
% Time on Ice - Sharks
Lines # - Real PCT - Wanted PCT - Time Play
Normal Forward
1 - 31% - 40% - 13:42
2 - 34% - 30% - 15:19
3 - 23% - 20% - 10:20
4 - 12% - 10% - 5:08
Normal Defense
1 - 40% - 40% - 17:39
2 - 33% - 30% - 14:40
3 - 23% - 20% - 10:17
4 - 4% - 10% - 1:53
PP Forward
1 - 58% - 60% - 1:09
2 - 42% - 40% - 0:50
PP Defense
1 - 68% - 60% - 1:21
2 - 32% - 40% - 0:38
PK Forward
1 - 63% - 60% - 8:33
2 - 37% - 40% - 4:59
PK Defense
1 - 58% - 60% - 7:54
2 - 42% - 40% - 5:38
PK3 Forward
1 - 0% - 60%
2 - 0% - 40%
PK3 Defense
1 - 0% - 60%
2 - 0% - 40%
44 Forward
1 - 0% - 60%
2 - 0% - 40%
44 Defense
1 - 0% - 60%
2 - 0% - 40%
Last Minute Offensive - 0:00
Last Minute Defensive - 0:00
Total
Forward - 60:00
Defense - 60:00
|
% Time on Ice - Red Wings
Lines # - Real PCT - Wanted PCT - Time Play
Normal Forward
1 - 33% - 36% - 14:40
2 - 32% - 36% - 14:10
3 - 21% - 20% - 9:30
4 - 14% - 8% - 6:09
Normal Defense
1 - 36% - 35% - 16:03
2 - 36% - 35% - 15:50
3 - 21% - 20% - 9:18
4 - 7% - 10% - 3:18
PP Forward
1 - 57% - 60% - 7:39
2 - 43% - 40% - 5:53
PP Defense
1 - 64% - 60% - 8:39
2 - 36% - 40% - 4:53
PK Forward
1 - 53% - 50% - 1:03
2 - 47% - 50% - 0:56
PK Defense
1 - 61% - 50% - 1:13
2 - 39% - 50% - 0:46
PK3 Forward
1 - 0% - 60%
2 - 0% - 40%
PK3 Defense
1 - 0% - 50%
2 - 0% - 50%
44 Forward
1 - 0% - 60%
2 - 0% - 40%
44 Defense
1 - 0% - 60%
2 - 0% - 40%
Last Minute Offensive - 0:00
Last Minute Defensive - 0:00
Total
Forward - 60:00
Defense - 60:00
|
Play by Play
1st period
0:01 of 1st period - Frans Nielsen wins face-off versus Tyler Johnson in neutral zone.
0:14 of 1st period - Snap shot by Frans Nielsen.
0:14 of 1st period - Shot Blocked by Jiri Fischer.
0:16 of 1st period - Snap shot by Maxim Afinogenov.
0:16 of 1st period - Shot Blocked by Brent Seabrook.
1:40 of 1st period - Maxim Kondratiev is hit by Adam Henrique and loses puck.
2:35 of 1st period - Ole-Kristian Tollefsen is hit by T.J. Hensick and loses puck.
2:52 of 1st period - Ole-Kristian Tollefsen is hit by Maxim Afinogenov and loses puck.
3:21 of 1st period - Snap shot by Mike Richards.
3:21 of 1st period - Stopped by Brent Krahn with a rebound.
3:23 of 1st period - Slapshot by Brent Seabrook.
3:23 of 1st period - Shot Misses the Net.
3:25 of 1st period - Snap shot by Brent Seabrook.
3:25 of 1st period - Stopped by Brent Krahn without a rebound.
3:26 of 1st period - Mike Richards wins face-off versus T.J. Hensick in Sharks zone.
3:37 of 1st period - Wrist shot by Sean Bergenheim.
3:37 of 1st period - Stopped by Brent Krahn with a rebound.
3:39 of 1st period - Slapshot by Lubomir Visnovsky.
3:39 of 1st period - Stopped by Brent Krahn without a rebound.
3:40 of 1st period - Mike Richards wins face-off versus Ted Purcell in Sharks zone.
3:51 of 1st period - Snap shot by Mike Richards.
3:51 of 1st period - Stopped by Brent Krahn with a rebound.
3:53 of 1st period - Wrist shot by Sean Bergenheim.
3:53 of 1st period - Stopped by Brent Krahn with a rebound.
3:55 of 1st period - Snap shot by Mike Richards.
3:55 of 1st period - Goal by Mike Richards - Sharks : 0 - Red Wings : 1.
3:56 of 1st period - Tyler Johnson wins face-off versus Frans Nielsen in neutral zone.
4:16 of 1st period - Minor Penalty to Maxim Afinogenov for Holding.
4:17 of 1st period - Tyler Johnson wins face-off versus Ted Purcell in Sharks zone.
4:29 of 1st period - Snap shot by Phil Kessel.
4:29 of 1st period - Shot Blocked by Mark Stuart.
4:31 of 1st period - Wrist shot by Adam Henrique.
4:31 of 1st period - Stopped by Brent Krahn without a rebound.
4:32 of 1st period - Tyler Johnson wins face-off versus Ted Purcell in Sharks zone.
5:00 of 1st period - Icing by Mike Richards.
5:01 of 1st period - Mike Richards wins face-off versus Rob Schremp in Red Wings zone.
5:46 of 1st period - Slapshot by Sean Bergenheim.
5:46 of 1st period - Stopped by Brent Krahn without a rebound.
5:47 of 1st period - Ted Purcell wins face-off versus Adam Henrique in Sharks zone.
6:00 of 1st period - Snap shot by Phil Kessel.
6:00 of 1st period - Stopped by Brent Krahn with a rebound.
6:04 of 1st period - Wrist shot by Tyler Johnson.
6:04 of 1st period - Shot Misses the Net.
6:14 of 1st period - Ryan Whitney is hit by Mark Stuart and loses puck.
6:16 of 1st period - Penalty to Maxim Afinogenov is over, Maxim Afinogenov is back on ice.
6:48 of 1st period - Mark Giordano is hit by Brent Seabrook and loses puck.
7:46 of 1st period - Snap shot by Tyler Johnson.
7:46 of 1st period - Shot Misses the Net.
8:06 of 1st period - Slapshot by Rob Schremp.
8:06 of 1st period - Stopped by John Gibson without a rebound.
8:07 of 1st period - Nate Thompson wins face-off versus T.J. Hensick in Red Wings zone.
8:21 of 1st period - Minor Penalty to Oskar Osala for Interference.
8:22 of 1st period - Adam Henrique wins face-off versus Ted Purcell in Sharks zone.
8:22 of 1st period - Snap shot by Phil Kessel.
8:22 of 1st period - Stopped by Brent Krahn without a rebound.
8:23 of 1st period - Tyler Johnson wins face-off versus Ted Purcell in Sharks zone.
8:56 of 1st period - Wrist shot by Mike Richards.
8:56 of 1st period - Stopped by Brent Krahn without a rebound.
8:57 of 1st period - Mike Richards wins face-off versus Ted Purcell in Sharks zone.
9:02 of 1st period - Slapshot by Brent Seabrook.
9:02 of 1st period - Shot Misses the Net.
9:04 of 1st period - Slapshot by Mike Richards.
9:04 of 1st period - Shot Misses the Net.
9:06 of 1st period - Snap shot by Sean Bergenheim.
9:06 of 1st period - Shot Blocked by Andrej Sekera.
9:22 of 1st period - Slapshot by Mike Richards.
9:22 of 1st period - Deflect By Sean Bergenheim.
9:22 of 1st period - Shot Blocked by Maxim Kondratiev.
9:22 of 1st period - Puck is out of play.
9:23 of 1st period - Maxim Afinogenov wins face-off versus Tyler Johnson in Sharks zone.
9:29 of 1st period - Icing by Brent Seabrook.
9:30 of 1st period - Tyler Johnson wins face-off versus Ted Purcell in Red Wings zone.
9:41 of 1st period - Wrist shot by Adam Henrique.
9:41 of 1st period - Stopped by Brent Krahn with a rebound.
9:43 of 1st period - Snap shot by Adam Henrique.
9:43 of 1st period - Shot Blocked by Mark Stuart.
9:45 of 1st period - Slapshot by Brent Seabrook.
9:45 of 1st period - Shot Misses the Net.
9:47 of 1st period - Snap shot by Adam Henrique.
9:47 of 1st period - Stopped by Brent Krahn with a rebound.
9:49 of 1st period - Snap shot by Tyler Johnson.
9:49 of 1st period - Shot Blocked by Mark Stuart.
9:51 of 1st period - Slapshot by Brent Seabrook.
9:51 of 1st period - Shot Misses the Net.
9:53 of 1st period - Snap shot by Tyler Johnson.
9:53 of 1st period - Shot Blocked by Kevin Shattenkirk.
10:21 of 1st period - Penalty to Oskar Osala is over, Oskar Osala is back on ice.
10:25 of 1st period - Snap shot by Adam Henrique.
10:25 of 1st period - Goal by Adam Henrique - Sharks : 0 - Red Wings : 2.
10:26 of 1st period - Mike Richards wins face-off versus Frans Nielsen in neutral zone.
10:32 of 1st period - Minor Penalty to Frans Nielsen for Goalie Interference.
10:33 of 1st period - Ted Purcell wins face-off versus Tyler Johnson in Sharks zone.
12:32 of 1st period - Penalty to Frans Nielsen is over, Frans Nielsen is back on ice.
12:45 of 1st period - Wrist shot by Oskar Osala.
12:45 of 1st period - Stopped by John Gibson without a rebound.
12:46 of 1st period - T.J. Hensick wins face-off versus Chris Kelly in Red Wings zone.
12:57 of 1st period - Slapshot by Alex Picard.
12:57 of 1st period - Stopped by Brent Krahn with a rebound.
13:20 of 1st period - Snap shot by Carson Mcmillan.
13:20 of 1st period - Stopped by Brent Krahn with a rebound.
13:30 of 1st period - Mark Stuart is hit by Tyler Johnson and loses puck.
13:46 of 1st period - Icing by Kevin Shattenkirk.
13:47 of 1st period - Rob Schremp wins face-off versus Mike Richards in Sharks zone.
15:35 of 1st period - Snap shot by T.J. Hensick.
15:35 of 1st period - Shot Misses the Net.
15:37 of 1st period - Backhand shot by Oskar Osala.
15:37 of 1st period - Shot Misses the Net.
16:21 of 1st period - Snap shot by Phil Kessel.
16:21 of 1st period - Shot Misses the Net.
16:44 of 1st period - Icing by Tyler Johnson.
16:45 of 1st period - Rob Schremp wins face-off versus Carson Mcmillan in Red Wings zone.
16:54 of 1st period - Wrist shot by Damien Brunner.
16:54 of 1st period - Shot Misses the Net.
17:10 of 1st period - Snap shot by Sean Bergenheim.
17:10 of 1st period - Stopped by Brent Krahn with a rebound.
18:15 of 1st period - Off-side.
18:16 of 1st period - T.J. Hensick wins face-off versus Mike Richards in neutral zone.
18:41 of 1st period - Ole-Kristian Tollefsen is hit by Ted Purcell and loses puck.
18:48 of 1st period - Mark Stuart is hit by Tyler Johnson and loses puck.
19:17 of 1st period - Minor Penalty to Bobby Butler for Roughing.
19:18 of 1st period - Ted Purcell wins face-off versus Tyler Johnson in Sharks zone.
19:56 of 1st period - Snap shot by Brent Seabrook.
19:56 of 1st period - Shot Misses the Net.
Goals for this period are 0 for Sharks vs 2 for Red Wings.
Shots for this period are 2 for Sharks vs 18 for Red Wings.
2nd period
0:01 of 2nd period - Adam Henrique wins face-off versus Ted Purcell in neutral zone.
1:17 of 2nd period - Penalty to Bobby Butler is over, Bobby Butler is back on ice.
1:33 of 2nd period - Chris Kelly is hit by Bobby Butler and loses puck.
1:55 of 2nd period - Slapshot by Brent Seabrook.
1:55 of 2nd period - Goal by Brent Seabrook - Sharks : 0 - Red Wings : 3.
1:56 of 2nd period - Frans Nielsen wins face-off versus Mike Richards in neutral zone.
2:03 of 2nd period - Snap shot by Ted Purcell.
2:03 of 2nd period - Goal by Ted Purcell - Sharks : 1 - Red Wings : 3.
2:04 of 2nd period - Mike Richards wins face-off versus Frans Nielsen in neutral zone.
2:35 of 2nd period - Off-side.
2:36 of 2nd period - Tyler Johnson wins face-off versus T.J. Hensick in neutral zone.
3:05 of 2nd period - Snap shot by Oskar Osala.
3:05 of 2nd period - Stopped by John Gibson with a rebound.
3:33 of 2nd period - Wrist shot by Rob Schremp.
3:33 of 2nd period - Stopped by John Gibson without a rebound.
3:34 of 2nd period - Tyler Johnson wins face-off versus Frans Nielsen in Red Wings zone.
4:45 of 2nd period - Minor Penalty to Adam Larsson for Interference.
4:46 of 2nd period - Tyler Johnson wins face-off versus Ted Purcell in Sharks zone.
4:51 of 2nd period - Slapshot by Adam Henrique.
4:51 of 2nd period - Shot Misses the Net.
5:53 of 2nd period - Wrist shot by Sean Bergenheim.
5:53 of 2nd period - Shot Misses the Net.
5:55 of 2nd period - Wrist shot by Sean Bergenheim.
5:55 of 2nd period - Stopped by Brent Krahn without a rebound.
5:56 of 2nd period - Maxim Afinogenov wins face-off versus Phil Kessel in Sharks zone.
6:41 of 2nd period - Adam Henrique is hit by Andrej Sekera and loses puck.
6:45 of 2nd period - Penalty to Adam Larsson is over, Adam Larsson is back on ice.
6:56 of 2nd period - Wrist shot by Damien Brunner.
6:56 of 2nd period - Shot Misses the Net.
7:36 of 2nd period - Adam Larsson is hit by Tyler Toffoli and loses puck.
8:55 of 2nd period - Kevin Shattenkirk is hit by Alex Picard and loses puck.
9:09 of 2nd period - Off-side.
9:10 of 2nd period - Mike Richards wins face-off versus Frans Nielsen in neutral zone.
9:17 of 2nd period - Wrist shot by Mike Richards.
9:17 of 2nd period - Stopped by Brent Krahn without a rebound.
9:18 of 2nd period - Sean Bergenheim wins face-off versus Frans Nielsen in Sharks zone.
10:00 of 2nd period - Oskar Osala is hit by Jiri Fischer and loses puck.
10:37 of 2nd period - Snap shot by Martin Erat.
10:37 of 2nd period - Shot Blocked by Ole-Kristian Tollefsen.
11:04 of 2nd period - Icing by Kevin Shattenkirk.
11:05 of 2nd period - Tyler Johnson wins face-off versus T.J. Hensick in Sharks zone.
11:10 of 2nd period - Snap shot by Tyler Johnson.
11:10 of 2nd period - Goal by Tyler Johnson - Sharks : 1 - Red Wings : 4.
11:11 of 2nd period - Frans Nielsen wins face-off versus Tyler Johnson in neutral zone.
11:45 of 2nd period - Snap shot by Mike Richards.
11:45 of 2nd period - Shot Blocked by Maxim Kondratiev.
11:47 of 2nd period - Wrist shot by Mike Richards.
11:47 of 2nd period - Deflect By Sean Bergenheim.
11:47 of 2nd period - Shot Misses the Net.
11:47 of 2nd period - Puck is out of play.
11:48 of 2nd period - Mike Richards wins face-off versus Frans Nielsen in Sharks zone.
11:55 of 2nd period - Wrist shot by Tyler Toffoli.
11:55 of 2nd period - Shot Blocked by Frans Nielsen.
11:57 of 2nd period - Snap shot by Mike Richards.
11:57 of 2nd period - Stopped by Brent Krahn with a rebound.
11:59 of 2nd period - Wrist shot by Sean Bergenheim.
11:59 of 2nd period - Shot Misses the Net.
12:01 of 2nd period - Snap shot by Sean Bergenheim.
12:01 of 2nd period - Shot Blocked by Maxim Afinogenov.
12:13 of 2nd period - Andrej Sekera is hit by Brent Seabrook and loses puck.
12:20 of 2nd period - Snap shot by Alex Picard.
12:20 of 2nd period - Shot Misses the Net.
12:26 of 2nd period - Snap shot by Maxim Afinogenov.
12:26 of 2nd period - Shot Misses the Net.
12:28 of 2nd period - Slapshot by Ted Purcell.
12:28 of 2nd period - Stopped by John Gibson with a rebound.
12:30 of 2nd period - Snap shot by Frans Nielsen.
12:30 of 2nd period - Stopped by John Gibson with a rebound.
12:32 of 2nd period - Slapshot by Frans Nielsen.
12:32 of 2nd period - Shot Misses the Net.
12:34 of 2nd period - Wrist shot by Frans Nielsen.
12:34 of 2nd period - Shot Misses the Net.
12:36 of 2nd period - Slapshot by Andrej Sekera.
12:36 of 2nd period - Stopped by John Gibson with a rebound.
12:38 of 2nd period - Wrist shot by Maxim Afinogenov.
12:38 of 2nd period - Stopped by John Gibson without a rebound.
12:39 of 2nd period - Tyler Johnson wins face-off versus Oskar Osala in Red Wings zone.
13:17 of 2nd period - Slapshot by Damien Brunner.
13:17 of 2nd period - Shot Misses the Net.
13:29 of 2nd period - Ted Purcell is hit by Alex Picard and loses puck.
13:50 of 2nd period - Snap shot by T.J. Hensick.
13:50 of 2nd period - Shot Misses the Net.
13:52 of 2nd period - Slapshot by Kevin Shattenkirk.
13:52 of 2nd period - Stopped by John Gibson without a rebound.
13:53 of 2nd period - T.J. Hensick wins face-off versus Tyler Johnson in Red Wings zone.
13:58 of 2nd period - Snap shot by Nick Palmieri.
13:58 of 2nd period - Shot Blocked by Lubomir Visnovsky.
14:39 of 2nd period - Alex Picard is hit by Ted Purcell and loses puck.
15:21 of 2nd period - Icing by Ole-Kristian Tollefsen.
15:22 of 2nd period - Tyler Johnson wins face-off versus Luke Adam in Red Wings zone.
15:37 of 2nd period - Backhand shot by Phil Kessel.
15:37 of 2nd period - Shot Misses the Net.
15:39 of 2nd period - Slapshot by Philip Samuelsson.
15:39 of 2nd period - Stopped by Brent Krahn with a rebound.
15:41 of 2nd period - Slapshot by Ole-Kristian Tollefsen.
15:41 of 2nd period - Shot Blocked by Ted Purcell.
15:43 of 2nd period - Slapshot by Ole-Kristian Tollefsen.
15:43 of 2nd period - Shot Misses the Net.
15:45 of 2nd period - Slapshot by Ole-Kristian Tollefsen.
15:45 of 2nd period - Shot Misses the Net.
15:47 of 2nd period - Slapshot by Philip Samuelsson.
15:47 of 2nd period - Shot Blocked by Maxim Kondratiev.
15:49 of 2nd period - Snap shot by Philip Samuelsson.
15:49 of 2nd period - Shot Blocked by Maxim Kondratiev.
15:51 of 2nd period - Slapshot by Tyler Johnson.
15:51 of 2nd period - Stopped by Brent Krahn with a rebound.
16:09 of 2nd period - Phil Kessel is hit by Ted Purcell and loses puck.
16:25 of 2nd period - Slapshot by Tyler Johnson.
16:25 of 2nd period - Stopped by Brent Krahn with a rebound.
16:27 of 2nd period - Snap shot by Adam Henrique.
16:27 of 2nd period - Goal by Adam Henrique - Sharks : 1 - Red Wings : 5.
16:28 of 2nd period - Mike Richards wins face-off versus Oskar Osala in neutral zone.
16:35 of 2nd period - Snap shot by Sean Bergenheim.
16:35 of 2nd period - Stopped by Brent Krahn without a rebound.
16:36 of 2nd period - T.J. Hensick wins face-off versus Sean Bergenheim in Sharks zone.
16:43 of 2nd period - Snap shot by Oskar Osala.
16:43 of 2nd period - Shot Misses the Net.
17:14 of 2nd period - Backhand shot by Mike Richards.
17:14 of 2nd period - Shot Misses the Net.
17:16 of 2nd period - Slapshot by Brent Seabrook.
17:16 of 2nd period - Deflect By Nick Palmieri.
17:16 of 2nd period - Stopped by Brent Krahn with a rebound.
17:18 of 2nd period - Slapshot by Brent Seabrook.
17:18 of 2nd period - Deflect By Mark Stuart.
17:18 of 2nd period - Stopped by Brent Krahn with a rebound.
17:20 of 2nd period - Wrist shot by Sean Bergenheim.
17:20 of 2nd period - Stopped by Brent Krahn with a rebound.
17:22 of 2nd period - Snap shot by Mike Richards.
17:22 of 2nd period - Goal by Mike Richards - Sharks : 1 - Red Wings : 6.
17:23 of 2nd period - Frans Nielsen wins face-off versus Tyler Johnson in neutral zone.
19:55 of 2nd period - Wrist shot by Rob Schremp.
19:55 of 2nd period - Shot Misses the Net.
Goals for this period are 1 for Sharks vs 4 for Red Wings.
Shots for this period are 8 for Sharks vs 14 for Red Wings.
3rd period
0:01 of 3rd period - Mike Richards wins face-off versus Frans Nielsen in neutral zone.
0:06 of 3rd period - Wrist shot by Sean Bergenheim.
0:06 of 3rd period - Stopped by Brent Krahn without a rebound.
0:07 of 3rd period - Frans Nielsen wins face-off versus Mike Richards in Sharks zone.
0:22 of 3rd period - Slapshot by Frans Nielsen.
0:22 of 3rd period - Shot Misses the Net.
0:24 of 3rd period - Snap shot by Ted Purcell.
0:24 of 3rd period - Stopped by John Gibson without a rebound.
0:25 of 3rd period - Tyler Johnson wins face-off versus T.J. Hensick in Red Wings zone.
1:15 of 3rd period - Sean Bergenheim is hit by Damien Brunner and loses puck.
1:24 of 3rd period - Wrist shot by Mike Richards.
1:24 of 3rd period - Shot Blocked by Bobby Butler.
1:26 of 3rd period - Snap shot by Mike Richards.
1:26 of 3rd period - Stopped by Brent Krahn with a rebound.
1:28 of 3rd period - Snap shot by Ole-Kristian Tollefsen.
1:28 of 3rd period - Goal by Ole-Kristian Tollefsen - Sharks : 1 - Red Wings : 7.
1:29 of 3rd period - Tyler Johnson wins face-off versus Frans Nielsen in neutral zone.
1:31 of 3rd period - Off-side.
1:32 of 3rd period - Tyler Johnson wins face-off versus Frans Nielsen in neutral zone.
1:34 of 3rd period - Off-side.
1:35 of 3rd period - Frans Nielsen wins face-off versus Tyler Johnson in neutral zone.
1:47 of 3rd period - Wrist shot by Ted Purcell.
1:47 of 3rd period - Shot Blocked by Brent Seabrook.
1:49 of 3rd period - Snap shot by Maxim Afinogenov.
1:49 of 3rd period - Deflect By Ted Purcell.
1:49 of 3rd period - Stopped by John Gibson with a rebound.
1:51 of 3rd period - Slapshot by Maxim Afinogenov.
1:51 of 3rd period - Shot Blocked by Brent Seabrook.
2:06 of 3rd period - Off-side.
2:07 of 3rd period - Frans Nielsen wins face-off versus Mike Richards in neutral zone.
2:12 of 3rd period - Icing by Philip Samuelsson.
2:13 of 3rd period - Mike Richards wins face-off versus Frans Nielsen in Red Wings zone.
2:13 of 3rd period - Mike Richards is hit by Frans Nielsen.
3:28 of 3rd period - Snap shot by Ted Purcell.
3:28 of 3rd period - Shot Misses the Net.
3:30 of 3rd period - Snap shot by Maxim Afinogenov.
3:30 of 3rd period - Shot Blocked by Jiri Fischer.
3:46 of 3rd period - T.J. Hensick is hit by Nate Thompson and loses puck.
5:02 of 3rd period - Nate Thompson is hit by Maxim Kondratiev and loses puck.
5:13 of 3rd period - Wrist shot by T.J. Hensick.
5:13 of 3rd period - Stopped by John Gibson without a rebound.
5:14 of 3rd period - Rob Schremp wins face-off versus Adam Henrique in Red Wings zone.
5:29 of 3rd period - Wrist shot by Damien Brunner.
5:29 of 3rd period - Deflect By Rob Schremp.
5:29 of 3rd period - Shot Misses the Net.
5:29 of 3rd period - Puck is out of play.
5:30 of 3rd period - Mike Richards wins face-off versus Frans Nielsen in Red Wings zone.
5:30 of 3rd period - Mike Richards is hit by Ted Purcell.
5:56 of 3rd period - Tyler Johnson is hit by Nick Palmieri and loses puck.
6:05 of 3rd period - Wrist shot by Nick Palmieri.
6:05 of 3rd period - Deflect By Oskar Osala.
6:05 of 3rd period - Shot Misses the Net.
6:05 of 3rd period - Puck is out of play.
6:06 of 3rd period - Mike Richards wins face-off versus T.J. Hensick in Red Wings zone.
6:06 of 3rd period - Mike Richards is hit by Maxim Kondratiev.
6:12 of 3rd period - Slapshot by Philip Samuelsson.
6:12 of 3rd period - Stopped by Brent Krahn with a rebound.
6:38 of 3rd period - Wrist shot by Adam Henrique.
6:38 of 3rd period - Shot Blocked by Andrej Sekera.
7:06 of 3rd period - Snap shot by Rob Schremp.
7:06 of 3rd period - Stopped by John Gibson with a rebound.
7:08 of 3rd period - Slapshot by Maxim Kondratiev.
7:08 of 3rd period - Stopped by John Gibson without a rebound.
7:09 of 3rd period - T.J. Hensick wins face-off versus Mike Richards in Red Wings zone.
7:36 of 3rd period - Ted Purcell is hit by Brent Seabrook and loses puck.
8:19 of 3rd period - Snap shot by Nick Palmieri.
8:19 of 3rd period - Stopped by John Gibson without a rebound.
8:20 of 3rd period - Nick Palmieri wins face-off versus Nate Thompson in Red Wings zone.
8:21 of 3rd period - Wrist shot by Oskar Osala.
8:21 of 3rd period - Shot Blocked by Philip Samuelsson.
8:23 of 3rd period - Slapshot by Adam Larsson.
8:23 of 3rd period - Shot Blocked by Ole-Kristian Tollefsen.
8:25 of 3rd period - Snap shot by Nick Palmieri.
8:25 of 3rd period - Shot Misses the Net.
8:27 of 3rd period - Slapshot by Adam Larsson.
8:27 of 3rd period - Stopped by John Gibson with a rebound.
8:29 of 3rd period - Slapshot by Adam Larsson.
8:29 of 3rd period - Deflect By Oskar Osala.
8:29 of 3rd period - Shot Blocked by Nate Thompson.
8:29 of 3rd period - Puck is out of play.
8:30 of 3rd period - Tyler Johnson wins face-off versus Frans Nielsen in Red Wings zone.
9:18 of 3rd period - Minor Penalty to Brent Seabrook for Diving.
9:19 of 3rd period - Frans Nielsen wins face-off versus Oleg Saprykin in Red Wings zone.
9:54 of 3rd period - Wrist shot by T.J. Hensick.
9:54 of 3rd period - Shot Blocked by Carson Mcmillan.
9:56 of 3rd period - Slapshot by Mark Stuart.
9:56 of 3rd period - Deflect By Nick Palmieri.
9:56 of 3rd period - Shot Blocked by Tyler Johnson.
9:56 of 3rd period - Puck is out of play.
9:57 of 3rd period - Oleg Saprykin wins face-off versus Ted Purcell in Red Wings zone.
10:10 of 3rd period - Snap shot by Ted Purcell.
10:10 of 3rd period - Shot Blocked by Ole-Kristian Tollefsen.
11:12 of 3rd period - Icing by Ted Purcell.
11:13 of 3rd period - Frans Nielsen wins face-off versus Oleg Saprykin in Sharks zone.
11:18 of 3rd period - Penalty to Brent Seabrook is over, Brent Seabrook is back on ice.
11:48 of 3rd period - Ole-Kristian Tollefsen is hit by Adam Larsson and loses puck.
12:01 of 3rd period - Wrist shot by Oskar Osala.
12:01 of 3rd period - Stopped by John Gibson without a rebound.
12:02 of 3rd period - T.J. Hensick wins face-off versus Tyler Johnson in Red Wings zone.
12:28 of 3rd period - Minor Penalty to Nick Palmieri for Slashing.
12:29 of 3rd period - Ted Purcell wins face-off versus Tyler Johnson in Sharks zone.
13:04 of 3rd period - Off-side.
13:05 of 3rd period - Mike Richards wins face-off versus Maxim Afinogenov in neutral zone.
13:46 of 3rd period - Maxim Afinogenov is hit by Philip Samuelsson and loses puck.
13:57 of 3rd period - Wrist shot by Frans Nielsen.
13:57 of 3rd period - Stopped by John Gibson with a rebound.
13:59 of 3rd period - Backhand shot by Ted Purcell.
13:59 of 3rd period - Stopped by John Gibson without a rebound.
14:00 of 3rd period - Tyler Johnson wins face-off versus Ted Purcell in Red Wings zone.
14:28 of 3rd period - Penalty to Nick Palmieri is over, Nick Palmieri is back on ice.
15:19 of 3rd period - Rob Schremp is hit by Nate Thompson and loses puck.
15:37 of 3rd period - Snap shot by Tyler Johnson.
15:37 of 3rd period - Shot Misses the Net.
15:51 of 3rd period - Nick Palmieri is hit by Mike Richards and loses puck.
17:12 of 3rd period - Icing by Ryan Whitney.
17:13 of 3rd period - Frans Nielsen wins face-off versus Chris Kelly in Red Wings zone.
17:18 of 3rd period - Slapshot by Kevin Shattenkirk.
17:18 of 3rd period - Shot Hit the Post.
17:20 of 3rd period - Wrist shot by Ted Purcell.
17:20 of 3rd period - Stopped by John Gibson without a rebound.
17:21 of 3rd period - T.J. Hensick wins face-off versus Mike Richards in Red Wings zone.
17:28 of 3rd period - Snap shot by Oskar Osala.
17:28 of 3rd period - Shot Misses the Net.
17:30 of 3rd period - Snap shot by T.J. Hensick.
17:30 of 3rd period - Sharks goal is going for a video replay.
17:30 of 3rd period - The goal is good.
17:30 of 3rd period - Goal by T.J. Hensick - Sharks : 2 - Red Wings : 7.
17:31 of 3rd period - Mike Richards wins face-off versus Frans Nielsen in neutral zone.
18:21 of 3rd period - Minor Penalty to Nick Palmieri for Slashing.
18:22 of 3rd period - Ted Purcell wins face-off versus Tyler Johnson in Sharks zone.
18:22 of 3rd period - Ted Purcell is hit by Ryan Whitney.
19:03 of 3rd period - Kevin Shattenkirk is hit by Ole-Kristian Tollefsen and loses puck.
Goals for this period are 1 for Sharks vs 1 for Red Wings.
Shots for this period are 12 for Sharks vs 4 for Red Wings.
Back to the Top